 Dungeon Crawl Stone Soup version 0.15-a0-809-g8e1b895 (webtiles) character file.

52 4tharraofdagon the Changer (level 4, 0/25 HPs)
             Began as a Kobold Transmuter on May 14, 2014.
             Slain by an adder (2 damage)
             ... on Level 3 of the Dungeon.
             The game lasted 00:03:00 (431 turns).

4tharraofdagon the Changer (Kobold Transmuter)       Turns: 431, Time: 00:03:00

HP   0/25        AC  3     Str  9      XL: 4   Next:  8%
MP   1/7         EV 15     Int 11      God:
Gold 0           SH  0     Dex 16      Spells:  2 memorised,  3 levels left

rFire  . . .     SeeInvis .     g - +3,+4 quarterstaff (chaos)
rCold  . . .     Clarity  .     c - +0 robe
rNeg   . . .     Conserve .     (no shield)
rPois  .         rCorr    .     (no helmet)
rElec  .         rRot     .     e - +0 cloak
SustAb . .       Spirit   .     (no gloves)
rMut   .         Warding  .     (no boots)
Gourm  .         Stasis   .     (no amulet)
MR     .....                    (no ring)
                                (no ring)

@: lethally poisoned, very slightly contaminated, not resistant to hostile
enchantments, very unstealthy
A: disease resistance, carnivore 3
a: no special abilities


You were on level 3 of the Dungeon.
You were full.

You visited 1 branch of the dungeon, and saw 3 of its levels.

Inventory:

Hand weapons
 g - a +3,+4 quarterstaff of chaos (weapon)
Missiles
 b - 12 arrows
Armour
 c - a +0 robe (worn)
 e - a +0 cloak (worn)
Comestibles
 a - a meat ration
Scrolls
 f - a scroll of immolation {unknown}
Books
 d - a book of Changes

   Spells                             Type                      Level
   *Beastly Appendage                 Transmutation                1
   Sticks to Snakes                   Transmutation                2
   *Spider Form                       Transmutation/Poison         3
   Ice Form                           Ice/Transmutation            4
   Blade Hands                        Transmutation                5


   Skills:
 - Level 1.1 Fighting
 - Level 2.4 Dodging
 - Level 3.0 Unarmed Combat
 - Level 2.0 Spellcasting
 + Level 3.6 Transmutations


You had 3 spell levels left.
You knew the following spells:

 Your Spells              Type           Power        Failure   Level  Hunger
a - Beastly Appendage     Trmt           #.....       10%         1    ##.....
b - Spider Form           Trmt/Pois      #.........   47%         3    ####...


Dungeon Overview and Level Annotations

Branches:
Dungeon (3/15)

Altars:


Innate Abilities, Weirdness & Mutations

You recuperate from illness quickly.
You are small and have problems with some larger weapons.
You are carnivorous and can eat meat at any time.


Message History

Confirm with . or Enter, or press ? or * to list all spells.
You miscast Spider Form.
You are very lightly contaminated with residual magic.
Your skin glows momentarily.
Casting: Spider Form
Confirm with . or Enter, or press ? or * to list all spells.
You miscast Spider Form.
You feel slightly ill.
You closely miss the adder. The adder bites you.
* * * LOW HITPOINT WARNING * * *
You are lethally poisoned!
The adder poisons you!
You miss the adder.
* * * LOW HITPOINT WARNING * * *
You feel sick. The adder bites you.
* * * LOW HITPOINT WARNING * * *
The adder closely misses you.
You barely miss the adder.
* * * LOW HITPOINT WARNING * * *
You feel sick. The adder bites you.
You die...

#.# #.# #.#
#.# #.# #.#
# #.# #.
#S# #..
#..####@#
#..#
#.......#
#..#
#.......#
#...
.....###..#
#..# ...
#..# #..# .
#..# #..#
#..# #..#
#..# #<.#
#..# #..#


You could see an adder.

Vanquished Creatures
  Crazy Yiuf (D:3)
  A worm (D:2)
  A giant cockroach (D:1)
  2 goblins
  2 hobgoblins
  4 jackals (D:2)
  4 kobolds
  3 rats
18 creatures vanquished.

Vanquished Creatures (others)
  A ball python (D:2)
1 creature vanquished.

Grand Total: 19 creatures vanquished

Notes
Turn   | Place    | Note
--------------------------------------------------------------
     0 | D:1      | 4tharraofdagon, the Kobold Transmuter, began the quest for the Orb.
     0 | D:1      | Reached XP level 1. HP: 12/12 MP: 3/3
   106 | D:1      | Reached XP level 2. HP: 12/16 MP: 2/4
   309 | D:2      | Reached XP level 3. HP: 17/20 MP: 3/6
   328 | D:2      | Learned a level 3 spell: Spider Form
   371 | D:3      | Noticed Crazy Yiuf
   384 | D:3      | Killed Crazy Yiuf
   384 | D:3      | Reached XP level 4. HP: 3/25 MP: 4/7
   431 | D:3      | Slain by an adder

Action                   |  1- 3 |  4- 6 || total
-------------------------+-------+-------++-------
Melee: Unarmed           |    82 |       ||    82
       Quarterstaff      |       |     3 ||     3
 Cast: Beastly Appendage |     8 |       ||     8
       Spider Form       |     1 |       ||     1
  Use: Potion            |     4 |       ||     4

Vault maps used:
D:1:      onia_arrival_mini_maze
D:3:      nicolae_overflow_hidden_temple, first_bread, minmay_quantized,
          uniq_terence, uniq_crazy_yiuf_cottage, uniq_sigmund
